 Dungeon Crawl Stone Soup version 0.28.0-47-ge53b351184 (webtiles) character file.

Game seed: 6496377199827834066

61 101zpm the Magician (level 4, -1/31 HPs)
             Began as a Djinni Ice Elementalist on Apr 26, 2022.
             Slain by Terence
             ... wielding a +0 falchion
              (10 damage)
             ... on level 3 of the Dungeon.
             The game lasted 00:03:05 (2297 turns).

101zpm the Magician (Djinni Ice Elementalist)       Turns: 2297, Time: 00:03:05

Health: -1/31      AC:  2    Str:  7    XL:     4   Next: 27%
Gold:   45         EV: 12    Int: 19    God:
                   SH:  0    Dex: 13

rFire   + + .      SeeInvis .   (no weapon)
rCold   x . .      Faith    .   (no shield)
rNeg    . . .      Spirit   .   a - +0 robe
rPois   ∞          Reflect  .   (no helmet)
rElec   .          Harm     .   (no cloak)
rCorr   .          Rampage  .   (no gloves)
Will    .....                   (boots unavailable)
Stlth   ++........              (no amulet)
HPRegen 0.10/turn               (no ring)
MPRegen 0.00/turn               (no ring)

@: flying
A: sickness immunity, fire resistance 2, cold vulnerability 1, float, innate
caster, HP casting, extra vitality 1
a: no special abilities


You were on level 3 of the Dungeon.
You visited 1 branch of the dungeon, and saw 3 of its levels.

You collected 45 gold pieces.

Inventory:

Armour
 a - a +0 robe (worn)
Magical Staves
 b - a staff of conjuration
Jewellery
 f - a ring of resist corrosion
Scrolls
 c - 3 scrolls of vulnerability {unknown}
 e - a scroll of holy word {unknown}
 g - 2 scrolls of identify {unknown}
 h - a scroll of enchant weapon {unknown}
 j - a scroll of teleportation {unknown}
Potions
 d - a potion of berserk rage {unknown}
 i - a potion of haste {unknown}


   Skills:
 + Level 0.2 Fighting
 + Level 2.5 Dodging
 + Level 1.6 Stealth
 + Level 4.2 Spellcasting


You couldn't memorise any spells.
You knew the following spells:

 Your Spells              Type           Power      Damage    Failure   Level
a - Freeze                Ice            80%        1d9       2%          1
b - Frozen Ramparts       Ice            40%        1d6       7%          3
c - Ozocubu's Armour      Ice            20%        N/A       7%          3
d - Hailstorm             Conj/Ice       20%        3d6       24%         4
e - Animate Skeleton      Necr           40%        N/A       2%          1
Your spell library was empty.

Dungeon Overview and Level Annotations

Branches:
Dungeon (3/15)

Altars:

Annotations:
D:3 Terence


Innate Abilities, Weirdness & Mutations

You are immune to sickness and miasma.
You are immune to poison.
Your flesh is very heat resistant. (rF++)
You are vulnerable to cold. (rC-)
You float through the air rather than walking.
You learn spells naturally, not from books.
Your magical power is your life essence.
You have superior vitality. (+4 MHP)


Message History

There is a stone staircase leading down here.
You fly downwards.
There is a stone staircase leading up here.
There is a stone staircase leading down here.
You fly downwards.
There is a stone staircase leading up here.
Sorry, I don't know how to get there.
A goblin comes into view. It is wielding a +0 dagger.
You freeze the goblin.
You kill the goblin!
HP restored.
You see here a +0 dagger.
Found a stone staircase leading down.
Found a scale mail.
There is a stone staircase leading down here.
You see here a +0 scale mail.
As you open the gate, it creaks loudly!
There is an open gate here.
Terence the Incautious comes into view.
He is wielding a +0 falchion and wearing a +2 ring mail of positive energy.
An orc comes into view. It is wielding a +0 hand axe.
The orc shouts!
You freeze Terence.
Terence shouts!
Terence is moderately wounded.
Terence closely misses you.
You freeze Terence.
Terence is moderately wounded.
Terence hits you with a +0 falchion! The orc hits you with a +0 hand axe.
You freeze Terence.
Terence is heavily wounded.
Terence hits you with a +0 falchion!
You are too injured to fight recklessly!
Aiming: Freeze (safe; 2% risk of failure)
Press: ? - help, Q - select action, (/) - cycle Shift-Dir - straight line, f/p - Terence
Aim: Terence, wielding a +0 falchion and wearing a +2 ring mail of positive energy (heavily wounded)
You freeze Terence.
Terence is almost dead.
* * * LOW HITPOINT WARNING * * *
Terence hits you with a +0 falchion!
You die...

..#.#.###..# ##..#...#..#
..#.#.###..###..#.#^#.#..#
.......##..##..#...#...#..
..#.##....##..#.#.#.#.#.#.
.<#.# #####..#...#.#.#...#
..#.. #..#.#.#.#.#.#.#.
#.#### #.#...#...#...#.
... #..#!#.#.#.#.#. ...
#...#.#@#.#.#. ...#
#..#.#.#@#.#.# ...#
#.#...#...#... ...#
#..#.#.#.#.#.#
##..#...#.#.#. ##..# # #
#.# ##. ..# # #.. .#


You could see Terence.

Vanquished Creatures
  A gnoll (D:1)
  A worm (D:2)
  A dart slug (D:2)
  5 ball pythons
  2 endoplasms (D:1)
  3 giant cockroaches (D:1)
  5 hobgoblins
  3 kobolds
  3 quokkas
  6 bats
  2 frilled lizards (D:1)
  6 goblins
  4 rats (D:1)
42 creatures vanquished.

Notes
Turn   | Place    | Note
-------+----------+-------------------------------------------
     0 | D:1      | 101zpm the Djinni Ice Elementalist began the quest for the
                  | Orb.
     0 | D:1      | Reached XP level 1. HP: 15/15 MP: 0/0
   251 | D:2      | Reached XP level 2. HP: 13/21 MP: 0/0
   885 | D:2      | Reached XP level 3. HP: 21/25 MP: 0/0
   885 | D:2      | Learned a level 1 spell: Animate Skeleton
  1343 | D:1      | Reached skill level 4 in Spellcasting
  1660 | D:1      | Found a faded altar of an unknown god.
  1672 | D:1      | Reached XP level 4. HP: 24/31 MP: 0/0
  2289 | D:3      | Noticed Terence
  2297 | D:3      | Slain by Terence

Illustrated notes

Levels and vault maps discovered:
D:1:      dpeg_arrival_tiny_a, layout_basic, nicolae_ecumenical_snake_handling,
          minivault_11, lemuel_old_faithful
D:2:      layout_basic
D:3:      layout_loops_cross, kennysheep_cluttered_room, uniq_terence

Skill      XL: |  1  2  3 |
---------------+----------+-----
Spellcasting   | 4 |  4.2
Fighting       | |  0.2
Dodging        | |  2.5
Stealth        | |  1.6

Action                   |  1- 3 |  4- 6 || total
-------------------------+-------+-------++-------
Melee: Unarmed           |     2 |       ||     2
 Cast: Freeze            |    48 |    19 ||    67
Armor: Robe              |     6 |     4 ||    10
Dodge: Dodged            |    24 |     6 ||    30
